AoeStats
← Dog

Arabia

510239378Analyzed
1v1 RM · 1d ago on Sep 30, 2026· 26m 2s· 2 players
Game mode
Random Map
Map size
Tiny (2 player)
Population
200
Speed
Normal
Resources
Standard
Victory
Conquest
Starting age
Dark Age
Ending age
Imperial Age
RankedLock teamsTeams togetherTeam positionsShared explorationLock speedFull tech treeHidden civsTurbo modeCheats
Victory
Defeat
🇨🇿 Bohemians · Czechia
1029
+17
🇺🇸 Persians · United States
1051
-17
jiri.bubnik
0:28 Loom
13:14 Feudal Age
17:36 Castle Age
16:38 Town Watch
18:13 Wheelbarrow
17:27 Double-Bit Axe
Dog
6:17 Loom
8:53 Feudal Age
15:44 Wheelbarrow
14:56 Double-Bit Axe
19:40 Castle Age
20:10 Bloodlines
20:13 Forging
20:10 Scale Barding Armor
Connection lost

Rejoining the realm…

Still unreachable

The connection could not be restored.

Session expired

The server has moved on; the page needs a fresh start.